 Dungeon Crawl Stone Soup version 0.29.1-12-g30fa7ad0bf (webtiles) character file.

Game seed: 4346102779892807551

43411 H0rd4k the Eclecticist (level 14, 0/93 HPs)
             Began as an Octopode Artificer on Dec 14, 2022.
             Was an Initiate of Gozag.
             Slain by a very large slime creature (62 damage)
             ... on level 12 of the Dungeon.
             The game lasted 00:48:10 (26886 turns).

H0rd4k the Eclecticist (Octopode Artificer)        Turns: 26886, Time: 00:48:13

Health: 0/93       AC:  9    Str: 15    XL:     14   Next: 24%
Magic:  32/34      EV: 21    Int: 20    God:    Gozag
Gold:   439        SH:  0    Dex: 14    Spells: 32/46 levels left

rFire   . . .      SeeInvis +     - Unarmed
rCold   + . .      Faith    .   (no shield)
rNeg    . . .      Spirit   .   (helmet restricted)
rPois   .          Reflect  .   n - amulet of magic regeneration
rElec   +          Harm     .   f - +4 ring of evasion
rCorr   +          Rampage  .   y - +4 ring of protection
Will    +....                   B - ring of resist corrosion
Stlth   +++.......              N - ring "Suuf Voopri" {rF+ Str+4 Dex+4 SInv}
HPRegen 0.25/turn               J - ring of wizardry
MPRegen 0.64/turn               o - ring "Guuhesu" {Ice rCorr Int+2 Dex-3}
                                z - +4 ring of evasion
                                A - ring "Saxufasch" {rElec rCorr AC+4}

@: swift, gold aura, very quick
A: almost no armour, amphibious, 8 rings, camouflage 1, gelatinous body 1,
(nimble swimmer 1), tentacles
a: Renounce Religion, Potion Petition, Call Merchant, Bribe Branch


You were on level 12 of the Dungeon.
You worshipped Gozag.
Gozag was aware of your devotion.
You visited 3 branches of the dungeon, and saw 18 of its levels.
You also visited: Bailey and Ice Cave.

You collected 3852 gold pieces.
You spent 1629 gold pieces at shops.
You paid 1784 gold pieces to Gozag.

Inventory:

Missiles
 b - 8 poisoned darts
 p - 2 atropa-tipped darts
 L - 2 throwing nets
Jewellery
 f - a +4 ring of evasion (left tentacle)
 n - an amulet of magic regeneration (around mantle)
 o - the ring "Guuhesu" (on tentacle) {Ice rCorr Int+2 Dex-3}
   (You found it on level 10 of the Dungeon)

   [ring of ice]

   It enhances your ice magic.
   Int:       It affects your intelligence (+2).
   Dex:       It affects your dexterity (-3).
   rF:        It makes you vulnerable to fire.
   rC:        It protects you from cold.
   rCorr:     It protects you from acid and corrosion.
 y - a +4 ring of protection (right tentacle)
 z - a +4 ring of evasion (on tentacle)
 A - the ring "Saxufasch" (on tentacle) {rElec rCorr AC+4}
   (You bought it in a shop on level 10 of the Dungeon)

   [ring of protection]

   AC:        It affects your AC (+4).
   rElec:     It insulates you from electricity.
   rCorr:     It protects you from acid and corrosion.
 B - a ring of resist corrosion (on tentacle)
 J - a ring of wizardry (on tentacle)
 N - the ring "Suuf Voopri" (on tentacle) {rF+ Str+4 Dex+4 SInv}
   (You bought it in a shop on level 10 of the Dungeon)

   [ring of protection from fire]

   Str:       It affects your strength (+4).
   Dex:       It affects your dexterity (+4).
   rF:        It protects you from fire.
   SInv:      It lets you see invisible.
Wands
 s - a wand of mindburst (12)
 O - a wand of charming (4)
Scrolls
 h - 13 scrolls of teleportation
 i - 4 scrolls of amnesia
 q - 3 scrolls of fog
 r - 5 scrolls of enchant weapon
 t - 4 scrolls of blinking
 u - 5 scrolls of fear
 x - 4 scrolls of magic mapping
 E - 4 scrolls of torment
 I - a scroll of enchant armour
 K - a scroll of identify
Potions
 a - 9 potions of curing
 c - a potion of ambrosia
 d - a potion of magic
 e - a potion of heal wounds
 g - a potion of resistance
 j - 4 potions of mutation
 k - a potion of lignification
 l - 5 potions of degeneration
 v - 2 potions of cancellation
 C - a potion of attraction
 G - a potion of invisibility
 H - 2 potions of brilliance
 M - 2 potions of might
 P - a potion of berserk rage
Miscellaneous
 m - a tin of tremorstones (2/2)


   Skills:
 + Level 7.7 Fighting
 - Level 2.3 Dodging
 - Level 1.3 Stealth
 + Level 10.3 Unarmed Combat
 * Level 16.7 Spellcasting
 + Level 0.5 Hexes
 + Level 3.4 Ice Magic
 - Level 5.3 Air Magic
 - Level 8.6 Poison Magic
 - Level 3.2 Evocations


You had 32 spell levels left.
You knew the following spells:

 Your Spells              Type           Power      Damage    Failure   Level
a - Poisonous Vapours     Pois/Air       88%        N/A       1%          2
b - Olgreb's Toxic Radia  Pois           50%        N/A       1%          4
c - Swiftness             Air            38%        N/A       1%          3
d - Ozocubu's Armour      Ice            45%        N/A       1%          3
e - Ensorcelled Hibernat  Hex/Ice        74%        N/A       1%          2

Your spell library contained the following spells:

 Spells                   Type           Power      Damage    Failure   Level
 Necrotise                Necr           64%        1d7       1%          1
 Sandblast                Erth           32%        2d9       1%          1
 Slow                     Hex            76%        N/A       1%          1
 Sting                    Tmut/Pois      100%       1d8       1%          1
 Passwall                 Tmut/Erth      13%        N/A       2%          2
 Sublimation of Blood     Necr           16%        N/A       2%          2
 Confusing Touch          Hex            19%        N/A       3%          3
 Stone Arrow              Conj/Erth      32%        3d9       4%          3
 Vampiric Draining        Necr           16%        2d7       4%          3
 Anguish                  Hex/Necr       8%         N/A       12%         4
 Petrify                  Tmut/Erth      16%        N/A       14%         4
 Metabolic Englaciation   Hex/Ice        18%        N/A       16%         5
 Agony                    Necr           16%        N/A       34%         5
 Irradiate                Conj/Tmut      8%         3d14      34%         5
 Enfeeble                 Hex            9%         N/A       100%        7
 Simulacrum               Ice/Necr       Unusable   N/A       N/A         6

Dungeon Overview and Level Annotations

Branches:
Dungeon (12/15)            Temple (1/1) D:4            Lair (5/5) D:10
 Shoals (0/4) Lair:2       Spider (0/4) Lair:2        Slime (0/5) Lair:4
    Orc (0/2) D:12         Bailey (visited)           IceCv (visited)

Altars:
Ashenzari
Cheibriados
Dithmenos
Elyvilon
Fedhas
Gozag
Hepliaklqana
Kikubaaqudgha
Makhleb
Nemelex Xobeh
Okawaru
Qazlal
Ru
Sif Muna
Trog
Uskayaw
Vehumet
Wu Jian
Xom
Yredelemnul
Zin
The Shining One

Shops:
D:10 *=

Annotations:
D:5 1 exclusion
D:7 Joseph
D:8 exclusions: downstairs, water moccasin and 1 more exclusion, Erica, Psyche
Lair:2 exclusion: downstairs
Lair:5 1 exclusion


Innate Abilities, Weirdness & Mutations

You cannot wear most types of armour.
You are amphibious.
You can wear up to eight rings at the same time.
Your skin changes colour to match your surroundings (Stealth+).
Your rubbery body absorbs attacks. (AC +1, EV +1)
((You are camouflaged when in or above water. (Stealth+)))
You have tentacles for arms and can constrict up to eight enemies at once.


Message History

The slime creature hits you but does no damage.
Two slime creatures merge to form a large slime creature.
You bludgeon the large slime creature!
The large slime creature is lightly wounded.
You barely miss the large slime creature.
The large slime creature is lightly wounded.
You bludgeon the large slime creature!
You tentacle-slap the large slime creature.
The large slime creature is lightly wounded.
The large slime creature hits you.
You barely miss the large slime creature.
You squeeze the large slime creature!
The large slime creature is moderately wounded.
You barely miss the large slime creature.
You squeeze the large slime creature.
The large slime creature is moderately wounded.
A slime creature comes into view.
The large slime creature closely misses you.
You bludgeon the large slime creature!
Your tentacle-slap misses the large slime creature.
You squeeze the large slime creature!
The large slime creature is heavily wounded.
Two slime creatures merge to form a very large slime creature.
You bludgeon the very large slime creature!
The very large slime creature is moderately wounded.
The very large slime creature hits you!!
Your icy armour will break if you move.
Continue?
Okay, then.
Your icy armour will break if you move.
Continue?
Okay, then.
Your icy armour will break if you move.
Continue?
Your icy armour cracks and falls away as you move.
Okay, then.
Casting: Ozocubu's Armour (safe; 1% risk of failure)
Confirm with . or Enter, or press ? or * to list all spells.
You feel quick.
The very large slime creature hits you!!!
Ouch! That really hurt!
You die...
Your body crumbles into a pile of gold.

##############
#.......[....#
###########.##########.#
.......@J$.....# #.#
##########...#.# ####.#
..#..!.. #.....
.#...#.##.#.##.#
.....#...# # #.# ##
###.?.$..#.##.#
............
...J.#####.. ###


You could see a very large slime creature.

Vanquished Creatures
  A quicksilver ooze (IceCv)
  A dire elephant (Lair:5)
  A hydra (Lair:5)
  A vault guard (Bailey)
  2 boulder beetles
  A two-headed ogre (D:9)
  A death yak (Lair:5)
  A lindwurm (Lair:3)
  2 ugly things
  2 cyclopes (D:11)
  An ice statue (IceCv)
  5 black mambas
  A merfolk siren (Lair:2)
  7 cane toads
  6 rime drakes
  5 komodo dragons
  2 trolls
  4 polar bears
  3 merfolk (Lair:2)
  14 dream sheep
  Prince Ribbit (D:7)
  17 blink frogs
  A shadow (D:10)
  A vampire (D:10)
  3 wyverns
  A wraith (D:11)
  46 yaks
  8 humans
  2 hogs (D:10)
  4 basilisks
  4 vampire mosquitoes (D:11)
  16 water moccasins
  Duvessa (D:7)
  An acid dragon (D:9)
  2 ice beasts
  5 orc warriors
  A sky beast (D:7)
  5 black bears
  4 ogres
  2 great orb of eyes simulacra (IceCv)
  21 wolves
  5 centaurs
  A kobold brigand (D:7)
  3 slime creature simulacra (IceCv)
  28 bullfrogs
  A necrophage (D:6)
  5 scorpions
  12 wights
  Dowan (D:7)
  14 killer bees
  A howler monkey (D:11)
  17 electric eels
  4 hounds
  9 orc priests
  2 jellies
  6 orc wizards
  8 iguanas
  3 adders
  14 white imps
  11 worms
  3 dart slugs
  33 orcs
  6 bats
  10 endoplasms
  5 giant cockroaches
  11 goblins
  8 hobgoblins
  8 jackals
  10 kobolds
  5 quokkas
  8 ball pythons
  2 frilled lizards
  7 rats
468 creatures vanquished.

Vanquished Creatures (collateral kills)
  A vault guard (Bailey)
  An orc priest (D:5)
  An orc wizard (D:5)
  A worm (D:3)
  4 orcs
  2 ball pythons (D:3)
  A goblin (D:3)
  A frilled lizard (D:3)
12 creatures vanquished.

Vanquished Creatures (others)
  A cane toad (Lair:5)
  2 ogres
  An orc wizard (D:5)
  2 adders (D:3)
  68 fungi
  62 plants
136 creatures vanquished.

Grand Total: 616 creatures vanquished

Notes
Turn   | Place    | Note
-------+----------+-------------------------------------------
     0 | D:1      | H0rd4k the Octopode Artificer began the quest for the Orb.
     0 | D:1      | Reached XP level 1. HP: 13/13 MP: 1/1
   306 | D:1      | Reached XP level 2. HP: 16/18 MP: 3/3
   309 | D:1      | Reached skill level 1 in Spellcasting
   962 | D:1      | Reached XP level 3. HP: 24/24 MP: 5/5
  1351 | D:2      | Found a white marble altar of Elyvilon.
  1476 | D:2      | Reached skill level 1 in Unarmed Combat
  1754 | D:2      | Reached XP level 4. HP: 28/29 MP: 6/6
  2141 | D:3      | Reached skill level 2 in Spellcasting
  2875 | D:3      | Identified the +1 ring mail of Zebequh {Will- Int+2 Dex+6}
  3078 | D:3      | Reached XP level 5. HP: 30/35 MP: 8/8
  3233 | D:3      | Learned a level 2 spell: Poisonous Vapours
  3238 | D:3      | Learned a level 4 spell: Olgreb's Toxic Radiance
  3289 | D:3      | Found a broken altar of Ashenzari.
  3740 | D:4      | Found a staircase to the Ecumenical Temple.
  3749 | Temple   | Entered the Ecumenical Temple
  4332 | D:4      | Reached skill level 1 in Poison Magic
  4332 | D:4      | Reached XP level 6. HP: 41/41 MP: 9/9
  4627 | D:5      | Entered Level 5 of the Dungeon
  4666 | D:5      | Noticed a black bear
  4672 | D:5      | Killed a black bear
  4693 | D:5      | Reached XP level 7. HP: 46/46 MP: 11/11
  4912 | D:5      | Reached skill level 5 in Unarmed Combat
  4912 | D:5      | Reached skill level 3 in Spellcasting
  5695 | D:6      | Reached XP level 8. HP: 54/54 MP: 13/13
  6115 | D:6      | Reached skill level 4 in Spellcasting
  6211 | D:6      | Reached skill level 1 in Air Magic
  6711 | D:7      | Noticed Duvessa
  6711 | D:7      | Noticed Dowan
  6853 | D:7      | Reached XP level 9. HP: 49/59 MP: 5/16
  6928 | D:7      | Reached skill level 5 in Spellcasting
  7309 | D:7      | Noticed Joseph
  7355 | D:7      | Found an iron altar of Okawaru.
  7432 | D:7      | Noticed Prince Ribbit
  7441 | D:7      | Killed Prince Ribbit
  7883 | D:8      | Reached skill level 5 in Fighting
  8181 | D:8      | Reached skill level 6 in Spellcasting
  8463 | D:8      | Reached skill level 5 in Poison Magic
  8570 | D:8      | Noticed Erica
  8811 | D:9      | Found a sacrificial altar of Ru.
  8812 | D:9      | Found a snail-covered altar of Cheibriados.
  8816 | D:9      | Found an opulent altar of Gozag.
  8818 | D:9      | Found a glowing golden altar of the Shining One.
  8824 | D:9      | Found a hazy altar of Hepliaklqana.
  8825 | D:9      | Became a worshipper of Gozag Ym Sagoz the Greedy
  8854 | D:9      | Found an ornate altar of the Wu Jian Council.
  8856 | D:9      | Found a burning altar of Makhleb.
  8860 | D:9      | Found a sparkling altar of Nemelex Xobeh.
  9155 | D:9      | Reached skill level 7 in Spellcasting
  9155 | D:9      | Reached XP level 10. HP: 68/68 MP: 12/20
  9164 | D:9      | Noticed a two-headed ogre
  9391 | D:8      | Noticed Psyche
  9553 | D:9      | Killed a two-headed ogre
  9780 | D:10     | Entered Level 10 of the Dungeon
  9906 | D:10     | Reached skill level 8 in Spellcasting
  9945 | D:10     | Found a flagged portal.
  9954 | Bailey   | Entered a bailey
 10391 | Bailey   | Noticed a cane toad
 10391 | Bailey   | Noticed a vault guard
 10415 | Bailey   | Killed a vault guard
 10432 | Bailey   | Killed a cane toad
 10433 | Bailey   | Reached XP level 11. HP: 74/74 MP: 23/23
 10464 | Bailey   | Noticed a vault guard
 10496 | Bailey   | Killed a vault guard
 10497 | Bailey   | Reached skill level 9 in Spellcasting
 11194 | D:10     | Reached skill level 5 in Air Magic
 11936 | D:10     | Identified the ring "Guuhesu" {Ice rCorr Int+2 Dex-3}
 12009 | D:10     | Found a staircase to the Lair.
 12057 | D:10     | Reached skill level 10 in Spellcasting
 12927 | D:10     | Learned a level 3 spell: Swiftness
 12937 | D:10     | Learned a level 3 spell: Ozocubu's Armour
 13532 | D:7      | Reached skill level 1 in Ice Magic
 13632 | D:7      | Killed Dowan
 13658 | D:7      | Killed Duvessa
 13968 | D:7      | Learned a level 2 spell: Ensorcelled Hibernation
 14099 | D:11     | Noticed a cyclops
 14144 | D:11     | Noticed a red ugly thing
 14169 | D:11     | Killed a cyclops
 14170 | D:11     | Reached skill level 11 in Spellcasting
 14427 | Lair:1   | Entered Level 1 of the Lair of Beasts
 14441 | Lair:1   | Reached XP level 12. HP: 43/81 MP: 14/27
 15552 | Lair:1   | Reached skill level 12 in Spellcasting
 16523 | Lair:2   | Found an iron altar of Okawaru.
 16629 | Lair:2   | Found a hole to the Spider Nest.
 18156 | Lair:2   | Reached skill level 13 in Spellcasting
 18677 | Lair:2   | Found a staircase to the Shoals.
 19268 | Lair:2   | Reached XP level 13. HP: 37/86 MP: 16/30
 19516 | Lair:3   | Reached skill level 14 in Spellcasting
 21013 | D:10     | Bought the ring "Saxufasch" {rElec rCorr AC+4} for 834 gold
                  | pieces
 21239 | Lair:4   | Found a frozen archway.
 21283 | IceCv    | Entered an ice cave
 21416 | IceCv    | Noticed a quicksilver ooze
 21431 | IceCv    | Noticed a quicksilver ooze
 21458 | IceCv    | Killed a quicksilver ooze
 21459 | IceCv    | Reached skill level 15 in Spellcasting
 22172 | Lair:4   | Found a staircase to the Slime Pits.
 22789 | Lair:4   | Found a bloodstained altar of Trog.
 23010 | Lair:5   | Entered Level 5 of the Lair of Beasts
 23743 | Lair:5   | Noticed a dire elephant
 23801 | Lair:5   | Killed a dire elephant
 23802 | Lair:5   | Reached skill level 16 in Spellcasting
 24312 | Lair:5   | Reached XP level 14. HP: 69/93 MP: 31/34
 24497 | Lair:5   | Reached skill level 10 in Unarmed Combat
 25348 | D:10     | Bought the ring "Suuf Voopri" {rF+ Str+4 Dex+4 SInv} for
                  | 795 gold pieces
 26751 | D:12     | Found a staircase to the Orcish Mines.
 26886 | D:12     | Slain by a very large slime creature

Illustrated notes

Levels and vault maps discovered:
D:1:      dpeg_arrival_rooms_with_view, layout_basic
D:2:      layout_rooms, basic_altar
D:3:      layout_loops_cross, marbit_many_paths, minmay_joined_circles
D:4:      minmay_clustersquares, layout_basic, minmay_temple_entry_hall
D:5:      cheibrodos_quashed, layout_loops_ring, serial_park_tiny_2,
          grunt_ministairs_4, eino_small_chamber_without_monster
D:6:      layout_loops_cross
D:7:      lemuel_ice_spiral_2, layout_basic, lemuel_tele_altar,
          uniq_prince_ribbit1, uniq_duvessa, uniq_joseph
D:8:      layout_gridville, kennysheep_donut, minivault_22, uniq_psyche,
          uniq_erica
D:9:      layout_rooms, nicolae_overflow_hallway_of_the_gods,
          minmay_misc_feat_tiny
D:10:     layout_basic, grunt_lair_entry_orc_guard_hut, enter_bailey_3,
          grunt_livestock
D:11:     layout_roguey, serial_glass, glass_columns_a, glass_columns_a
D:12:     minmay_the_grid_square_5x5_3x3
          [minmay_the_grid_square_5x5_three_walls,
          minmay_the_grid_square_5x5_eight_small,
          minmay_the_grid_square_5x5_misaligned,
          minmay_the_grid_square_5x5_shrine2,
          minmay_the_grid_square_5x5_megaprize_crossed,
          minmay_the_grid_square_5x5_minibox, minmay_the_grid_square_5x5_forky,
          minmay_the_grid_square_5x5_inner_i,
          minmay_the_grid_square_5x5_hourglass], layout_loops_ring,
          uniq_josephine, uniq_lodul
Temple:   nicolae_temple_hex_pool
Lair:1:   layout_gridlike, lemuel_fruit_fields
Lair:2:   beast_lair_carwin_large_2, layout_small_grid,
          elwin_shoals_entry_stream, nicolae_spider_entry_non_spiders,
          basic_altar, disabler_island, infiniplex_staircase_pool
Lair:3:   layout_cave_pods, grunt_megastairs_4
Lair:4:   layout_hall_layers, slime_entry_1, portal_ice_cave_entry_imps,
          lemuel_centaur_altar, infiniplex_staircase_pool_2, lemuel_fruit_tree
Lair:5:   evil_forest, layout_hall_layers

Skill      XL: |  1  2  3  4  5  6  7  8  9 10 11 12 13 14 |
---------------+-------------------------------------------+-----
Spellcasting   | 1 2 3 4 7 8 11 13 16 | 16.7
Fighting       | 2 3 4 5 6 7 |  7.7
Unarmed Combat | 1 2 3 4 6 7 8 9 10 | 10.3
Poison Magic   | 1 2 3 5 7 8 |  8.6
Air Magic      | 2 3 4 5 |  5.3
Ice Magic      | 1 2 3 |  3.4
Dodging        | |  2.3
Stealth        | |  1.3
Hexes          | |  0.5
Evocations     | |  3.2

Action                   |  1- 3 |  4- 6 |  7- 9 | 10-12 | 13-15 || total
-------------------------+-------+-------+-------+-------+-------++-------
Melee: Unarmed           |    92 |   155 |   162 |   307 |   385 ||  1101
       Constrict         |    26 |    36 |    35 |    38 |    47 ||   182
       Tentacles         |    21 |    34 |    46 |   102 |   116 ||   319
       Punch             |     2 |     4 |    11 |    32 |    35 ||    84
Throw: Dart              |       |       |       |       |     7 ||     7
 Cast: Poisonous Vapours |       |       |    95 |   273 |    86 ||   454
       Olgreb's Toxic Ra |       |       |     6 |    96 |    80 ||   182
       Ozocubu's Armour  |       |       |       |     9 |    23 ||    32
       Swiftness         |       |       |       |     1 |     1 ||     2
       Ensorcelled Hiber |       |       |       |     8 |     5 ||    13
Invok: Call Merchant     |       |       |       |     1 |     1 ||     2
Evoke: Wand              |       |    21 |    14 |    22 |     6 ||    63
  Use: Scroll            |       |       |       |    17 |    12 ||    29
       Potion            |       |       |       |     7 |     3 ||    10
 Stab: Sleeping          |     7 |     8 |     3 |     3 |       ||    21
       Distracted        |       |       |     1 |     2 |       ||     3
Armor: Skin              |     7 |    13 |    17 |    34 |    65 ||   136
Dodge: Dodged            |    76 |    82 |   124 |   326 |   416 ||  1024
